NEW HAVEN WARTHOGS vs MANCHESTER MONARCHS

Created - 3 novembre 2025 at 14:04

Goals
1 2 3 T
NEW HAVEN WARTHOGS 2 1 0 3
MANCHESTER MONARCHS 0 2 0 2
Shots
1 2 3 T
NEW HAVEN WARTHOGS 17 12 13 42
MANCHESTER MONARCHS 9 5 8 22

1st period

1. NEW HAVEN WARTHOGS , Mark Kastelic 3 (Fedor Svechkov 3) at 1:54
2. NEW HAVEN WARTHOGS , Ryan Suzuki 2 (Henry Thrun 4, Zachary Jones 2) at 14:40

Penalties :
Jayden Struble (MAN) for High sticking (Minor) at 3:16, Chase Stillman (MAN) for Tripping (Minor) at 17:43

2nd period

3. MANCHESTER MONARCHS , Jared Davidson 5 (Mackenzie MacEachern 4, Jayden Struble 3) at 2:42
4. MANCHESTER MONARCHS , Kole Lind 2 (Jayden Struble 4, Mackenzie MacEachern 5) at 3:29 (PP)
5. NEW HAVEN WARTHOGS , Fedor Svechkov 4 (Mikael Pyyhtia 6, Lian Bichsel 3) at 18:19

Penalties :
Mark Kastelic (NHW) for Roughing (Minor) at 3:05, Mackenzie MacEachern (MAN) for Hooking (Minor) at 5:07, Charles-Alexis Legault (NHW) for Slashing (Minor) at 12:28, Charles-Alexis Legault (NHW) for Hooking (Minor) at 14:32

3rd period

No Goal

Penalties :
Henry Thrun (NHW) for Boarding (Minor) at 6:48, Jayden Struble (MAN) for Interference (Minor) at 11:25, Zachary Jones (NHW) for Hooking (Minor) at 19:45

Goalie Stats

Akira Schmid (NHW), 20 saves from 22 shots - (0,909), W, 3-2-0, 60:00 minutes
Michael DiPietro (MAN), 39 saves from 42 shots - (0,929), L, 2-5-0, 59:42 minutes

Players Stats for NEW HAVEN WARTHOGS

Player Name              G  A  P  +/- PIM S  H  SB GA TA FO     MP     PP MP  PK MP  
------------------------------------------------------------------------------------
Angus Booth              0  0  0   1  0   0  0  2  0  0  0/0     5:53   0:00   0:14 
Charles-Alexis Legault   0  0  0   1  4   1  2  0  0  0  0/0     5:55   0:00   0:18 
Cole McWard              0  0  0  -1  0   0  1  0  0  0  0/0    12:13   0:00   0:00 
Fedor Svechkov           1  1  2   2  0   4  0  0  0  0  12/39  24:24   4:08   3:23 
Henry Thrun              0  1  1   1  2   2  0  0  0  0  0/0    21:15   4:06   2:20 
Isaiah George            0  0  0  -1  0   3  0  1  0  0  0/0    13:19   0:00   1:06 
Jack St. Ivany           0  0  0   1  0   2  0  0  0  0  0/0    19:38   3:50   3:01 
Jakub Lauko              0  0  0   0  0   7  3  0  0  0  8/24   21:59   3:48   2:42 
Julian Lutz              0  0  0   1  0   1  0  0  0  0  1/1    19:28   0:24   0:54 
Justin Ertel             0  0  0   1  0   1  0  0  0  0  0/0     3:58   0:19   0:00 
Lian Bichsel             0  1  1   1  0   1  1  1  0  0  0/0    19:28   3:50   2:51 
Mark Kastelic            1  0  1   1  2   10 11 0  0  0  0/0    23:49   4:11   2:44 
Matt Rempe               0  0  0   0  0   0  0  0  0  0  1/1     1:20   0:09   0:00 
Mikael Pyyhtia           0  1  1   1  0   5  0  0  0  0  3/5    18:38   4:08   2:18 
Ryan Suzuki              1  0  1   0  0   1  1  0  0  0  6/16   23:48   2:53   0:00 
Tristan Broz             0  0  0   0  0   2  2  0  0  0  0/1    19:29   3:48   0:00 
Tyler Boucher            0  0  0   0  0   0  0  0  0  0  0/1    16:31   0:00   1:09 
Zachary Jones            0  1  1   1  2   2  1  2  0  0  0/0    22:15   4:06   3:20 

Players Stats for MANCHESTER MONARCHS

Player Name              G  A  P  +/- PIM S  H  SB GA TA FO     MP     PP MP  PK MP  
------------------------------------------------------------------------------------
Chase Stillman           0  0  0  -1  2   0  1  0  0  0  1/1    16:01   0:36   0:00 
Chase Wheatcroft         0  0  0  -1  0   1  2  0  0  0  0/0    16:05   0:39   0:00 
Christoffer Sedoff       0  0  0  -2  0   0  3  2  0  0  0/0    21:15   2:39   4:47 
Daniil Zhilkin           0  0  0   0  0   0  0  0  0  0  0/0     1:27   1:18   0:00 
David Gucciardi          0  0  0   0  0   1  0  1  0  0  0/0    17:44   1:14   1:25 
Jamieson Rees            0  0  0   0  0   0  0  0  0  0  5/6     2:50   0:00   0:00 
Jared Davidson           1  0  1   1  0   4  1  1  0  0  18/28  24:26   2:59   4:27 
Jayden Struble           0  2  2   0  4   2  2  1  0  0  0/0    20:46   2:42   1:31 
Kole Lind                1  0  1   1  0   2  3  1  0  0  2/3    24:23   2:56   4:27 
Mackenzie MacEachern     0  2  2   1  2   2  1  1  0  0  3/5    19:08   2:21   2:38 
Nicholas Abruzzese       0  0  0  -2  0   3  1  0  0  0  1/3    15:40   2:46   0:00 
Noah Juulsen             0  0  0   0  0   2  4  4  0  0  0/0    22:14   2:42   3:35 
Roni Hirvonen            0  0  0  -2  0   0  0  0  0  0  0/0    15:54   3:00   0:00 
Ryan McAllister          0  0  0   0  0   0  0  0  0  0  0/0     0:55   0:46   0:00 
Ryder Rolston            0  0  0  -2  0   3  0  0  0  0  18/26  19:23   3:00   3:29 
Scooter Brickey          0  0  0   0  0   1  4  1  0  0  0/0    17:11   1:18   0:10 
Ty Smith                 0  0  0  -2  0   1  1  1  0  0  0/0    20:12   1:59   4:24 
Tyler Madden             0  0  0  -1  0   0  0  0  0  0  9/16   16:26   0:00   0:51 

3 Stars

1 - Mark Kastelic (NHW)
2 - Fedor Svechkov (NHW)
3 - Kole Lind (MAN)

Power Play

NEW HAVEN WARTHOGS - 0 on 4 Attempt(s) - 0,00%
MANCHESTER MONARCHS - 1 on 5 Attempt(s) - 20,00%

Penalty Kill

NEW HAVEN WARTHOGS - 4 on 5 Attempt(s) - 80,00% - Score 0 goal in Penalty Kill
MANCHESTER MONARCHS - 4 on 4 Attempt(s) - 100,00% - Score 0 goal in Penalty Kill

Team Stat

NEW HAVEN WARTHOGS - Hits : 22 - Faceoff Wins : 31 - Blocked Shots : 6 - Penalty Minutes : 10
MANCHESTER MONARCHS - Hits : 23 - Faceoff Wins : 57 - Blocked Shots : 13 - Penalty Minutes : 8

Official

Referees : Tom Chmielewski and Marc Joannette
Linesman : Matt MacPherson and Stephen Drain

Game Notes

Matt Rempe is injured at 4:00 of 1st period (Bruised Right Shoulder)

NEW HAVEN WARTHOGS

5 vs 5 Forward 
   Center                   Left Wing                Right Wing               Time % Phy DF OF 
 1 Fedor Svechkov           Mikael Pyyhtia           Mark Kastelic            36     1   2  2  
 2 Jakub Lauko              Tristan Broz             Matt Rempe               31     1   2  2  
 3 Ryan Suzuki              Julian Lutz              Tyler Boucher            23     1   2  2  
 4 Fedor Svechkov           Justin Ertel             Mark Kastelic            10     1   2  2  

5 vs 5 Defense 
   Defense                  Defense                                           Time % Phy DF OF 
 1 Henry Thrun              Zachary Jones                                     36     1   2  2  
 2 Lian Bichsel             Jack St. Ivany                                    31     1   2  2  
 3 Cole McWard              Isaiah George                                     23     1   2  2  
 4 Charles-Alexis Legault   Angus Booth                                       10     1   2  2  

PowerPlay Forward 
   Center                   Left Wing                Right Wing               Time % Phy DF OF 
 1 Fedor Svechkov           Mikael Pyyhtia           Mark Kastelic            55     1   2  2  
 2 Jakub Lauko              Tristan Broz             Matt Rempe               45     1   2  2  

PowerPlay Defense
   Defense                  Defense                                           Time % Phy DF OF 
 1 Henry Thrun              Zachary Jones                                     55     1   2  2  
 2 Lian Bichsel             Jack St. Ivany                                    45     1   2  2  

Penalty Kill 4 Players Forward 
   Center                   Wing                     Time % Phy DF OF 
 1 Fedor Svechkov           Mark Kastelic            55     1   2  2  
 2 Mikael Pyyhtia           Jakub Lauko              45     1   2  2  

Penalty Kill 4 Players Defense
   Defense                  Defense                  Time % Phy DF OF 
 1 Henry Thrun              Zachary Jones            55     1   2  2  
 2 Lian Bichsel             Jack St. Ivany           45     1   2  2  

Penalty Kill - 3 Players Forward 
   Forward                                           Time % Phy DF OF 
 1 Fedor Svechkov                                    55     1   2  2  
 2 Mark Kastelic                                     45     1   2  2  

Penalty Kill - 3 Players Defense
   Defense                  Defense                  Time % Phy DF OF 
 1 Henry Thrun              Zachary Jones            55     1   2  2  
 2 Lian Bichsel             Jack St. Ivany           45     1   2  2  

4 vs 4 Forward 
   Center                   Wing                     Time % Phy DF OF 
 1 Fedor Svechkov           Mark Kastelic            55     1   2  2  
 2 Mikael Pyyhtia           Jakub Lauko              45     1   2  2  

4 vs 4 Defense
   Defense                  Defense                  Time % Phy DF OF 
 1 Henry Thrun              Zachary Jones            55     1   2  2  
 2 Lian Bichsel             Jack St. Ivany           45     1   2  2  

Last Minutes Offensive
   Center                   Left Wing                Right Wing               Defense                  Defense                  
   Fedor Svechkov           Mikael Pyyhtia           Mark Kastelic            Henry Thrun              Zachary Jones            

Last Minutes Defensive
   Center                   Left Wing                Right Wing               Defense                  Defense                  
   Fedor Svechkov           Mikael Pyyhtia           Mark Kastelic            Henry Thrun              Zachary Jones            

Goaltenders
Starting : Akira Schmid             
Backup : Sebastian Cossa          

Extra Forwards
Normal : Ryan Suzuki, Julian Lutz, Tyler Boucher - PP : Ryan Suzuki, Julian Lutz - PK : Tyler Boucher
Extra Defensemen
Normal : Cole McWard, Isaiah George, Charles-Alexis Legault - PP : Cole McWard - PK : Isaiah George, Charles-Alexis Legault
Penalty Shots
Fedor Svechkov, Mark Kastelic, Mikael Pyyhtia, Jakub Lauko, Ryan Suzuki

Scratches
Aidan Thompson (Healthy), Alex Bump (Healthy), Calle Odelius (Healthy), Cameron Berg (Healthy), Dans Locmelis (Healthy)
Guillaume Richard (Healthy), Jordan Dumais (Healthy), Koehn Ziemmer (Healthy), Taige Harding (Healthy), Dylan Garand (Healthy)
Jacob Fowler (Healthy)

MANCHESTER MONARCHS

5 vs 5 Forward 
   Center                   Left Wing                Right Wing               Time % Phy DF OF 
 1 Jared Davidson           Kole Lind                Mackenzie MacEachern     36     1   2  2  
 2 Ryder Rolston            Nicholas Abruzzese       Roni Hirvonen            31     1   2  2  
 3 Tyler Madden             Chase Wheatcroft         Chase Stillman           23     1   2  2  
 4 Jamieson Rees            Jared Davidson           Kole Lind                10     1   2  2  

5 vs 5 Defense 
   Defense                  Defense                                           Time % Phy DF OF 
 1 Jayden Struble           Noah Juulsen                                      36     1   2  2  
 2 Ty Smith                 Christoffer Sedoff                                31     1   2  2  
 3 Scooter Brickey          David Gucciardi                                   23     1   2  2  
 4 Jayden Struble           Noah Juulsen                                      10     1   2  2  

PowerPlay Forward 
   Center                   Left Wing                Right Wing               Time % Phy DF OF 
 1 Jared Davidson           Kole Lind                Mackenzie MacEachern     55     1   2  2  
 2 Ryder Rolston            Nicholas Abruzzese       Roni Hirvonen            45     1   2  2  

PowerPlay Defense
   Defense                  Defense                                           Time % Phy DF OF 
 1 Jayden Struble           Noah Juulsen                                      55     1   2  2  
 2 Ty Smith                 Christoffer Sedoff                                45     1   2  2  

Penalty Kill 4 Players Forward 
   Center                   Wing                     Time % Phy DF OF 
 1 Jared Davidson           Kole Lind                55     1   2  2  
 2 Mackenzie MacEachern     Ryder Rolston            45     1   2  2  

Penalty Kill 4 Players Defense
   Defense                  Defense                  Time % Phy DF OF 
 1 Jayden Struble           Noah Juulsen             55     1   2  2  
 2 Ty Smith                 Christoffer Sedoff       45     1   2  2  

Penalty Kill - 3 Players Forward 
   Forward                                           Time % Phy DF OF 
 1 Jared Davidson                                    55     1   2  2  
 2 Kole Lind                                         45     1   2  2  

Penalty Kill - 3 Players Defense
   Defense                  Defense                  Time % Phy DF OF 
 1 Jayden Struble           Noah Juulsen             55     1   2  2  
 2 Ty Smith                 Christoffer Sedoff       45     1   2  2  

4 vs 4 Forward 
   Center                   Wing                     Time % Phy DF OF 
 1 Jared Davidson           Kole Lind                55     1   2  2  
 2 Mackenzie MacEachern     Ryder Rolston            45     1   2  2  

4 vs 4 Defense
   Defense                  Defense                  Time % Phy DF OF 
 1 Jayden Struble           Noah Juulsen             55     1   2  2  
 2 Ty Smith                 Christoffer Sedoff       45     1   2  2  

Last Minutes Offensive
   Center                   Left Wing                Right Wing               Defense                  Defense                  
   Jared Davidson           Kole Lind                Mackenzie MacEachern     Jayden Struble           Noah Juulsen             

Last Minutes Defensive
   Center                   Left Wing                Right Wing               Defense                  Defense                  
   Jared Davidson           Kole Lind                Mackenzie MacEachern     Jayden Struble           Noah Juulsen             

Goaltenders
Starting : Michael DiPietro         
Backup : Drew Commesso            

Extra Forwards
Normal : Daniil Zhilkin, Ryan McAllister, Tyler Madden - PP : Daniil Zhilkin, Ryan McAllister - PK : Tyler Madden
Extra Defensemen
Normal : Scooter Brickey, David Gucciardi, Ty Smith - PP : Scooter Brickey - PK : David Gucciardi, Ty Smith
Penalty Shots
Jared Davidson, Kole Lind, Mackenzie MacEachern, Ryder Rolston, Tyler Madden

Scratches
Brayden Tracey (Healthy), Michael Pezzetta (Healthy), Blake Biondi (Healthy), Blake Smith (Healthy), Cam Squires (Healthy)
Justin Hryckowian (Healthy), Grigori Denisenko (Healthy), Peter DiLiberatore (Healthy), Trevor Janicke (Healthy), Isak Posch (Healthy)
Tristan Lennox (Healthy)

% Time on Ice - NEW HAVEN WARTHOGS

Lines # - Real PCT - Wanted PCT - Time Play
Normal Forward
1 - 26% - 36% - 11:55
2 - 35% - 31% - 15:41
3 - 31% - 23% - 14:09
4 - 8% - 10% - 3:27
Normal Defense
1 - 32% - 36% - 14:33
2 - 28% - 31% - 12:47
3 - 27% - 23% - 12:13
4 - 13% - 10% - 5:39
PP Forward
1 - 52% - 55% - 4:08
2 - 48% - 45% - 3:48
PP Defense
1 - 52% - 55% - 4:06
2 - 48% - 45% - 3:50
PK Forward
1 - 65% - 55% - 4:17
2 - 35% - 45% - 2:18
PK Defense
1 - 54% - 55% - 3:34
2 - 46% - 45% - 3:01
PK3 Forward
1 - 0% - 55%
2 - 0% - 45%
PK3 Defense
1 - 0% - 55%
2 - 0% - 45%
44 Forward
1 - 0% - 55%
2 - 0% - 45%
44 Defense
1 - 0% - 55%
2 - 0% - 45%
Last Minute Offensive  - 0:00
Last Minute Defensive  - 0:17
Total
Forward - 60:00
Defense - 60:00

% Time on Ice - MANCHESTER MONARCHS

Lines # - Real PCT - Wanted PCT - Time Play
Normal Forward
1 - 31% - 36% - 14:10
2 - 28% - 31% - 12:54
3 - 34% - 23% - 15:26
4 - 6% - 10% - 2:50
Normal Defense
1 - 33% - 36% - 15:09
2 - 30% - 31% - 13:49
3 - 33% - 23% - 15:05
4 - 3% - 10% - 1:17
PP Forward
1 - 54% - 55% - 3:35
2 - 46% - 45% - 3:00
PP Defense
1 - 60% - 55% - 3:56
2 - 40% - 45% - 2:39
PK Forward
1 - 56% - 55% - 4:27
2 - 44% - 45% - 3:29
PK Defense
1 - 49% - 55% - 3:51
2 - 51% - 45% - 4:05
PK3 Forward
1 - 0% - 55%
2 - 0% - 45%
PK3 Defense
1 - 0% - 55%
2 - 0% - 45%
44 Forward
1 - 0% - 55%
2 - 0% - 45%
44 Defense
1 - 0% - 55%
2 - 0% - 45%
Last Minute Offensive  - 0:09
Last Minute Defensive  - 0:00
Total
Forward - 60:00
Defense - 60:00

Play-by-Play

1st period


0:01 of 1st period - Jared Davidson wins face-off versus Fedor Svechkov in neutral zone.
1:15 of 1st period - Shot by Matt Rempe.
1:15 of 1st period - Shot Blocked by Christoffer Sedoff.
1:17 of 1st period - Shot by Jakub Lauko.
1:17 of 1st period - Stopped by Michael DiPietro without a rebound.
1:18 of 1st period - Ryan Suzuki wins face-off versus Tyler Madden in MANCHESTER MONARCHS zone.
1:41 of 1st period - Shot by Ryan Suzuki.
1:41 of 1st period - Shot Misses the Net.
1:43 of 1st period - Shot by Isaiah George.
1:43 of 1st period - Stopped by Michael DiPietro without a rebound.
1:44 of 1st period - Ryder Rolston wins face-off versus Fedor Svechkov in MANCHESTER MONARCHS zone.
1:44 of 1st period - Ryder Rolston is hit by Mark Kastelic.
1:54 of 1st period - Shot by Mark Kastelic.
1:54 of 1st period - Goal by Mark Kastelic - NEW HAVEN WARTHOGS : 1 - MANCHESTER MONARCHS : 0.
1:55 of 1st period - Ryder Rolston wins face-off versus Jakub Lauko in neutral zone.
2:24 of 1st period - Shot by Ty Smith.
2:24 of 1st period - Shot Misses the Net.
2:44 of 1st period - Shot by Julian Lutz.
2:44 of 1st period - Stopped by Michael DiPietro without a rebound.
2:45 of 1st period - Jamieson Rees wins face-off versus Fedor Svechkov in MANCHESTER MONARCHS zone.
3:00 of 1st period - Shot by Jared Davidson.
3:00 of 1st period - Stopped by Akira Schmid without a rebound.
3:01 of 1st period - Ryan Suzuki wins face-off versus Tyler Madden in NEW HAVEN WARTHOGS zone.
3:01 of 1st period - Ryan Suzuki is hit by Chase Wheatcroft.
3:16 of 1st period - Minor Penalty to Jayden Struble for High sticking.
3:17 of 1st period - Jared Davidson wins face-off versus Fedor Svechkov in MANCHESTER MONARCHS zone.
3:17 of 1st period - Jared Davidson is hit by Mark Kastelic.
3:24 of 1st period - Icing by Mark Kastelic.
3:25 of 1st period - Mikael Pyyhtia wins face-off versus Jared Davidson in NEW HAVEN WARTHOGS zone.
3:25 of 1st period - Mikael Pyyhtia is hit by Kole Lind.
3:41 of 1st period - Shot by Mark Kastelic.
3:41 of 1st period - Shot Misses the Net.
3:51 of 1st period - Shot by Mark Kastelic.
3:51 of 1st period - Stopped by Michael DiPietro without a rebound.
3:52 of 1st period - Mackenzie MacEachern wins face-off versus Jakub Lauko in MANCHESTER MONARCHS zone.
3:58 of 1st period - Icing by Lian Bichsel.
3:59 of 1st period - Matt Rempe wins face-off versus Jared Davidson in NEW HAVEN WARTHOGS zone.
3:59 of 1st period - Matt Rempe is hit by Kole Lind.
4:00 of 1st period - Matt Rempe from NEW HAVEN WARTHOGS is injured at 4:00 of 1st period (Bruised Right Shoulder).
4:01 of 1st period - Jared Davidson wins face-off versus Jakub Lauko in NEW HAVEN WARTHOGS zone.
4:01 of 1st period - Jared Davidson is hit by Lian Bichsel.
4:38 of 1st period - Shot by Jakub Lauko.
4:38 of 1st period - Shot Misses the Net.
4:40 of 1st period - Shot by Jack St. Ivany.
4:40 of 1st period - Stopped by Michael DiPietro without a rebound.
4:41 of 1st period - Fedor Svechkov wins face-off versus Jared Davidson in MANCHESTER MONARCHS zone.
4:46 of 1st period - Shot by Mark Kastelic.
4:46 of 1st period - Shot Misses the Net.
4:48 of 1st period - Shot by Mikael Pyyhtia.
4:48 of 1st period - Shot Misses the Net.
4:50 of 1st period - Shot by Zachary Jones.
4:50 of 1st period - Deflect By Mark Kastelic.
4:50 of 1st period - Shot Hit the Post.
4:52 of 1st period - Shot by Henry Thrun.
4:52 of 1st period - Stopped by Michael DiPietro without a rebound.
4:53 of 1st period - Fedor Svechkov wins face-off versus Mackenzie MacEachern in MANCHESTER MONARCHS zone.
5:11 of 1st period - Mikael Pyyhtia is hit by Ty Smith and loses puck.
5:33 of 1st period - Icing by Jayden Struble.
5:34 of 1st period - Tyler Madden wins face-off versus Jakub Lauko in MANCHESTER MONARCHS zone.
5:36 of 1st period - Noah Juulsen is hit by Jakub Lauko and loses puck.
5:57 of 1st period - Shot by Jakub Lauko.
5:57 of 1st period - Deflect By Tristan Broz.
5:57 of 1st period - Shot Misses the Net.
5:59 of 1st period - Shot by Jack St. Ivany.
5:59 of 1st period - Shot Misses the Net.
6:01 of 1st period - Shot by Jakub Lauko.
6:01 of 1st period - Shot Misses the Net.
6:03 of 1st period - Shot by Jack St. Ivany.
6:03 of 1st period - Stopped by Michael DiPietro without a rebound.
6:04 of 1st period - Jared Davidson wins face-off versus Fedor Svechkov in MANCHESTER MONARCHS zone.
6:38 of 1st period - Shot by Fedor Svechkov.
6:38 of 1st period - Deflect By Mikael Pyyhtia.
6:38 of 1st period - Shot Misses the Net.
6:40 of 1st period - Shot by Mikael Pyyhtia.
6:40 of 1st period - Shot Blocked by Mackenzie MacEachern.
7:14 of 1st period - Shot by Jakub Lauko.
7:14 of 1st period - Shot Misses the Net.
7:16 of 1st period - Shot by Jakub Lauko.
7:16 of 1st period - Shot Misses the Net.
7:18 of 1st period - Shot by Jakub Lauko.
7:18 of 1st period - Shot Misses the Net.
7:22 of 1st period - Shot by Jakub Lauko.
7:22 of 1st period - Shot Misses the Net.
7:34 of 1st period - Shot by Ryder Rolston.
7:34 of 1st period - Stopped by Akira Schmid without a rebound.
7:35 of 1st period - Ryan Suzuki wins face-off versus Tyler Madden in NEW HAVEN WARTHOGS zone.
7:42 of 1st period - Shot by Lian Bichsel.
7:42 of 1st period - Shot Blocked by Noah Juulsen.
7:46 of 1st period - Shot by Ryan Suzuki.
7:46 of 1st period - Deflect By Julian Lutz.
7:46 of 1st period - Shot Misses the Net.
8:31 of 1st period - Shot by Mark Kastelic.
8:31 of 1st period - Stopped by Michael DiPietro without a rebound.
8:32 of 1st period - Jared Davidson wins face-off versus Jakub Lauko in MANCHESTER MONARCHS zone.
8:32 of 1st period - Jared Davidson is hit by Jakub Lauko.
8:48 of 1st period - Kole Lind is hit by Charles-Alexis Legault and loses puck.
9:01 of 1st period - Shot by Kole Lind.
9:01 of 1st period - Shot Blocked by Angus Booth.
9:24 of 1st period - Nicholas Abruzzese is hit by Charles-Alexis Legault and loses puck.
9:33 of 1st period - Shot by Nicholas Abruzzese.
9:33 of 1st period - Stopped by Akira Schmid without a rebound.
9:34 of 1st period - Ryder Rolston wins face-off versus Fedor Svechkov in NEW HAVEN WARTHOGS zone.
10:07 of 1st period - Shot by Fedor Svechkov.
10:07 of 1st period - Shot Hit the Post.
10:09 of 1st period - Shot by Henry Thrun.
10:09 of 1st period - Stopped by Michael DiPietro without a rebound.
10:10 of 1st period - Tyler Madden wins face-off versus Ryan Suzuki in MANCHESTER MONARCHS zone.
11:06 of 1st period - Shot by Jakub Lauko.
11:06 of 1st period - Shot Blocked by Noah Juulsen.
11:08 of 1st period - Shot by Lian Bichsel.
11:08 of 1st period - Shot Blocked by Noah Juulsen.
11:10 of 1st period - Shot by Jakub Lauko.
11:10 of 1st period - Stopped by Michael DiPietro without a rebound.
11:11 of 1st period - Jared Davidson wins face-off versus Ryan Suzuki in MANCHESTER MONARCHS zone.
11:16 of 1st period - Shot by Kole Lind.
11:16 of 1st period - Shot Misses the Net.
11:19 of 1st period - Icing by Henry Thrun.
11:20 of 1st period - Ryder Rolston wins face-off versus Ryan Suzuki in NEW HAVEN WARTHOGS zone.
11:29 of 1st period - Shot by Ryder Rolston.
11:29 of 1st period - Stopped by Akira Schmid without a rebound.
11:30 of 1st period - Jared Davidson wins face-off versus Jakub Lauko in NEW HAVEN WARTHOGS zone.
13:18 of 1st period - Shot by Ryder Rolston.
13:18 of 1st period - Deflect By Nicholas Abruzzese.
13:18 of 1st period - Stopped by Akira Schmid without a rebound.
13:19 of 1st period - Tyler Madden wins face-off versus Jakub Lauko in NEW HAVEN WARTHOGS zone.
13:32 of 1st period - Shot by Tyler Madden.
13:32 of 1st period - Shot Blocked by Angus Booth.
13:46 of 1st period - Shot by Jakub Lauko.
13:46 of 1st period - Shot Misses the Net.
13:48 of 1st period - Shot by Jakub Lauko.
13:48 of 1st period - Stopped by Michael DiPietro with a rebound.
13:50 of 1st period - Shot by Charles-Alexis Legault.
13:50 of 1st period - Stopped by Michael DiPietro without a rebound.
13:51 of 1st period - Ryder Rolston wins face-off versus Fedor Svechkov in MANCHESTER MONARCHS zone.
13:51 of 1st period - Ryder Rolston is hit by Mark Kastelic.
14:07 of 1st period - Shot by Fedor Svechkov.
14:07 of 1st period - Shot Misses the Net.
14:09 of 1st period - Shot by Lian Bichsel.
14:09 of 1st period - Stopped by Michael DiPietro without a rebound.
14:10 of 1st period - Chase Stillman wins face-off versus Ryan Suzuki in MANCHESTER MONARCHS zone.
14:40 of 1st period - Shot by Ryan Suzuki.
14:40 of 1st period - Goal by Ryan Suzuki - NEW HAVEN WARTHOGS : 2 - MANCHESTER MONARCHS : 0.
14:41 of 1st period - Jamieson Rees wins face-off versus Fedor Svechkov in neutral zone.
14:41 of 1st period - Jared Davidson is hit by Mark Kastelic and loses puck.
15:00 of 1st period - Shot by Jayden Struble.
15:00 of 1st period - Stopped by Akira Schmid without a rebound.
15:01 of 1st period - Jakub Lauko wins face-off versus Ryder Rolston in NEW HAVEN WARTHOGS zone.
15:08 of 1st period - Scooter Brickey is hit by Jakub Lauko and loses puck.
15:22 of 1st period - Shot by Roni Hirvonen.
15:22 of 1st period - Deflect By Nicholas Abruzzese.
15:22 of 1st period - Shot Misses the Net.
15:24 of 1st period - Shot by David Gucciardi.
15:24 of 1st period - Stopped by Akira Schmid with a rebound.
15:30 of 1st period - Shot by Roni Hirvonen.
15:30 of 1st period - Shot Blocked by Lian Bichsel.
15:32 of 1st period - Shot by Scooter Brickey.
15:32 of 1st period - Stopped by Akira Schmid without a rebound.
15:33 of 1st period - Fedor Svechkov wins face-off versus Jared Davidson in NEW HAVEN WARTHOGS zone.
16:07 of 1st period - Shot by Mikael Pyyhtia.
16:07 of 1st period - Stopped by Michael DiPietro without a rebound.
16:08 of 1st period - Nicholas Abruzzese wins face-off versus Ryan Suzuki in MANCHESTER MONARCHS zone.
16:37 of 1st period - Shot by Ty Smith.
16:37 of 1st period - Shot Misses the Net.
16:39 of 1st period - Shot by Ryder Rolston.
16:39 of 1st period - Shot Misses the Net.
16:55 of 1st period - Icing by Cole McWard.
16:56 of 1st period - Jamieson Rees wins face-off versus Tyler Boucher in NEW HAVEN WARTHOGS zone.
17:22 of 1st period - Shot by Jared Davidson.
17:22 of 1st period - Shot Misses the Net.
17:24 of 1st period - Shot by Jared Davidson.
17:24 of 1st period - Stopped by Akira Schmid with a rebound.
17:43 of 1st period - Minor Penalty to Chase Stillman for Tripping.
17:44 of 1st period - Mackenzie MacEachern wins face-off versus Fedor Svechkov in MANCHESTER MONARCHS zone.
18:45 of 1st period - Off-side.
18:46 of 1st period - Jakub Lauko wins face-off versus Jared Davidson in neutral zone.
18:53 of 1st period - Shot by Tristan Broz.
18:53 of 1st period - Stopped by Michael DiPietro without a rebound.
18:54 of 1st period - Jared Davidson wins face-off versus Jakub Lauko in MANCHESTER MONARCHS zone.
18:54 of 1st period - Jared Davidson is hit by Mark Kastelic.
19:47 of 1st period - Icing by Angus Booth.
19:48 of 1st period - Julian Lutz wins face-off versus Ryder Rolston in NEW HAVEN WARTHOGS zone.
Goals for this period are 2 for NEW HAVEN WARTHOGS vs 0 for MANCHESTER MONARCHS.
Shots for this period are 17 for NEW HAVEN WARTHOGS vs 9 for MANCHESTER MONARCHS.

2nd period


0:01 of 2nd period - Fedor Svechkov wins face-off versus Mackenzie MacEachern in neutral zone.
0:01 of 2nd period - Fedor Svechkov is hit by Mackenzie MacEachern.
0:15 of 2nd period - Jayden Struble is hit by Mark Kastelic.
0:23 of 2nd period - Fedor Svechkov is hit by Jayden Struble and loses puck.
0:55 of 2nd period - Icing by Mikael Pyyhtia.
0:56 of 2nd period - Tyler Madden wins face-off versus Fedor Svechkov in NEW HAVEN WARTHOGS zone.
0:56 of 2nd period - Chase Wheatcroft is hit by Zachary Jones and loses puck.
1:06 of 2nd period - Fedor Svechkov is hit by Chase Wheatcroft and loses puck.
1:27 of 2nd period - Off-side.
1:28 of 2nd period - Ryan Suzuki wins face-off versus Nicholas Abruzzese in neutral zone.
1:31 of 2nd period - Ryder Rolston is hit by Ryan Suzuki and loses puck.
2:21 of 2nd period - Mackenzie MacEachern is hit by Cole McWard and loses puck.
2:40 of 2nd period - Shot by Jared Davidson.
2:40 of 2nd period - Shot Misses the Net.
2:42 of 2nd period - Shot by Mackenzie MacEachern.
2:42 of 2nd period - Deflect By Jared Davidson.
2:42 of 2nd period - Goal by Jared Davidson - NEW HAVEN WARTHOGS : 2 - MANCHESTER MONARCHS : 1.
2:43 of 2nd period - Jakub Lauko wins face-off versus Tyler Madden in neutral zone.
3:05 of 2nd period - Minor Penalty to Mark Kastelic for Roughing.
3:06 of 2nd period - Jared Davidson wins face-off versus Fedor Svechkov in NEW HAVEN WARTHOGS zone.
3:29 of 2nd period - Shot by Kole Lind.
3:29 of 2nd period - Goal by Kole Lind - NEW HAVEN WARTHOGS : 2 - MANCHESTER MONARCHS : 2.
3:30 of 2nd period - Ryder Rolston wins face-off versus Mikael Pyyhtia in neutral zone.
3:35 of 2nd period - Shot by Ryder Rolston.
3:35 of 2nd period - Shot Blocked by Zachary Jones.
3:41 of 2nd period - Shot by Mark Kastelic.
3:41 of 2nd period - Stopped by Michael DiPietro without a rebound.
3:42 of 2nd period - Tyler Madden wins face-off versus Jakub Lauko in MANCHESTER MONARCHS zone.
4:34 of 2nd period - Off-side.
4:35 of 2nd period - Kole Lind wins face-off versus Fedor Svechkov in neutral zone.
5:07 of 2nd period - Minor Penalty to Mackenzie MacEachern for Hooking.
5:08 of 2nd period - Jakub Lauko wins face-off versus Kole Lind in MANCHESTER MONARCHS zone.
5:09 of 2nd period - Shot by Zachary Jones.
5:09 of 2nd period - Stopped by Michael DiPietro without a rebound.
5:10 of 2nd period - Jared Davidson wins face-off versus Jakub Lauko in MANCHESTER MONARCHS zone.
5:25 of 2nd period - Shot by Jakub Lauko.
5:25 of 2nd period - Stopped by Michael DiPietro without a rebound.
5:26 of 2nd period - Tyler Madden wins face-off versus Fedor Svechkov in MANCHESTER MONARCHS zone.
5:26 of 2nd period - Ryder Rolston is hit by Mark Kastelic and loses puck.
7:10 of 2nd period - Icing by David Gucciardi.
7:11 of 2nd period - Ryder Rolston wins face-off versus Ryan Suzuki in MANCHESTER MONARCHS zone.
7:15 of 2nd period - Off-side.
7:16 of 2nd period - Tyler Madden wins face-off versus Ryan Suzuki in neutral zone.
7:37 of 2nd period - Ryan Suzuki is hit by Scooter Brickey and loses puck.
7:47 of 2nd period - Julian Lutz is hit by Scooter Brickey and loses puck.
8:11 of 2nd period - Icing by David Gucciardi.
8:12 of 2nd period - Jakub Lauko wins face-off versus Tyler Madden in MANCHESTER MONARCHS zone.
8:28 of 2nd period - Shot by Jakub Lauko.
8:28 of 2nd period - Stopped by Michael DiPietro without a rebound.
8:29 of 2nd period - Jared Davidson wins face-off versus Jakub Lauko in MANCHESTER MONARCHS zone.
8:29 of 2nd period - Jared Davidson is hit by Tristan Broz.
8:35 of 2nd period - Shot by Mackenzie MacEachern.
8:35 of 2nd period - Stopped by Akira Schmid with a rebound.
9:19 of 2nd period - Shot by Mikael Pyyhtia.
9:19 of 2nd period - Deflect By Mark Kastelic.
9:19 of 2nd period - Stopped by Michael DiPietro without a rebound.
9:20 of 2nd period - Ryder Rolston wins face-off versus Fedor Svechkov in MANCHESTER MONARCHS zone.
9:24 of 2nd period - Icing by Ty Smith.
9:25 of 2nd period - Ryder Rolston wins face-off versus Fedor Svechkov in MANCHESTER MONARCHS zone.
9:34 of 2nd period - Shot by Ty Smith.
9:34 of 2nd period - Shot Misses the Net.
10:07 of 2nd period - Icing by Ryder Rolston.
10:08 of 2nd period - Ryan Suzuki wins face-off versus Nicholas Abruzzese in MANCHESTER MONARCHS zone.
10:08 of 2nd period - Zachary Jones is hit by Christoffer Sedoff and loses puck.
11:11 of 2nd period - Shot by Mark Kastelic.
11:11 of 2nd period - Shot Misses the Net.
11:41 of 2nd period - Shot by Fedor Svechkov.
11:41 of 2nd period - Shot Blocked by Jayden Struble.
11:47 of 2nd period - Shot by Mikael Pyyhtia.
11:47 of 2nd period - Stopped by Michael DiPietro with a rebound.
11:49 of 2nd period - Shot by Mikael Pyyhtia.
11:49 of 2nd period - Shot Misses the Net.
11:54 of 2nd period - Mikael Pyyhtia is hit by Noah Juulsen and loses puck.
12:24 of 2nd period - Jakub Lauko is hit by Chase Stillman and loses puck.
12:28 of 2nd period - Minor Penalty to Charles-Alexis Legault for Slashing.
12:29 of 2nd period - Ryder Rolston wins face-off versus Fedor Svechkov in NEW HAVEN WARTHOGS zone.
12:34 of 2nd period - Shot by Nicholas Abruzzese.
12:34 of 2nd period - Shot Misses the Net.
12:44 of 2nd period - Shot by Nicholas Abruzzese.
12:44 of 2nd period - Shot Blocked by Zachary Jones.
14:32 of 2nd period - Minor Penalty to Charles-Alexis Legault for Hooking.
14:33 of 2nd period - Fedor Svechkov wins face-off versus Ryder Rolston in NEW HAVEN WARTHOGS zone.
15:26 of 2nd period - Shot by Jared Davidson.
15:26 of 2nd period - Shot Misses the Net.
15:44 of 2nd period - Shot by Fedor Svechkov.
15:44 of 2nd period - Stopped by Michael DiPietro without a rebound.
15:45 of 2nd period - Mikael Pyyhtia wins face-off versus Ryder Rolston in MANCHESTER MONARCHS zone.
15:52 of 2nd period - Shot by Mikael Pyyhtia.
15:52 of 2nd period - Shot Misses the Net.
15:54 of 2nd period - Shot by Mikael Pyyhtia.
15:54 of 2nd period - Stopped by Michael DiPietro without a rebound.
15:55 of 2nd period - Ryder Rolston wins face-off versus Fedor Svechkov in MANCHESTER MONARCHS zone.
16:00 of 2nd period - Shot by Nicholas Abruzzese.
16:00 of 2nd period - Stopped by Akira Schmid with a rebound.
16:14 of 2nd period - Shot by Ty Smith.
16:14 of 2nd period - Stopped by Akira Schmid without a rebound.
16:15 of 2nd period - Fedor Svechkov wins face-off versus Jared Davidson in NEW HAVEN WARTHOGS zone.
17:00 of 2nd period - Shot by Tyler Madden.
17:00 of 2nd period - Shot Misses the Net.
17:02 of 2nd period - Shot by David Gucciardi.
17:02 of 2nd period - Shot Blocked by Isaiah George.
17:04 of 2nd period - Shot by Chase Wheatcroft.
17:04 of 2nd period - Shot Misses the Net.
17:39 of 2nd period - Shot by Mark Kastelic.
17:39 of 2nd period - Stopped by Michael DiPietro with a rebound.
17:41 of 2nd period - Shot by Jakub Lauko.
17:41 of 2nd period - Shot Misses the Net.
17:43 of 2nd period - Shot by Jakub Lauko.
17:43 of 2nd period - Shot Blocked by Jared Davidson.
17:45 of 2nd period - Shot by Jakub Lauko.
17:45 of 2nd period - Shot Misses the Net.
17:53 of 2nd period - Shot by Jakub Lauko.
17:53 of 2nd period - Stopped by Michael DiPietro without a rebound.
17:54 of 2nd period - Ryder Rolston wins face-off versus Fedor Svechkov in MANCHESTER MONARCHS zone.
18:19 of 2nd period - Shot by Mikael Pyyhtia.
18:19 of 2nd period - Deflect By Fedor Svechkov.
18:19 of 2nd period - Goal by Fedor Svechkov - NEW HAVEN WARTHOGS : 3 - MANCHESTER MONARCHS : 2.
18:20 of 2nd period - Tyler Madden wins face-off versus Jakub Lauko in neutral zone.
18:36 of 2nd period - Shot by Jakub Lauko.
18:36 of 2nd period - Shot Blocked by David Gucciardi.
19:27 of 2nd period - Shot by Mark Kastelic.
19:27 of 2nd period - Stopped by Michael DiPietro with a rebound.
19:29 of 2nd period - Shot by Mark Kastelic.
19:29 of 2nd period - Deflect By Fedor Svechkov.
19:29 of 2nd period - Shot Misses the Net.
Goals for this period are 1 for NEW HAVEN WARTHOGS vs 2 for MANCHESTER MONARCHS.
Shots for this period are 12 for NEW HAVEN WARTHOGS vs 5 for MANCHESTER MONARCHS.

3rd period


0:01 of 3rd period - Jared Davidson wins face-off versus Fedor Svechkov in neutral zone.
0:16 of 3rd period - Jayden Struble is hit by Mark Kastelic and loses puck.
1:19 of 3rd period - Jack St. Ivany is hit by Nicholas Abruzzese.
2:34 of 3rd period - Shot by Mark Kastelic.
2:34 of 3rd period - Deflect By Tristan Broz.
2:34 of 3rd period - Stopped by Michael DiPietro without a rebound.
2:35 of 3rd period - Ryan Suzuki wins face-off versus Jamieson Rees in MANCHESTER MONARCHS zone.
2:45 of 3rd period - Ryan Suzuki is hit by Jayden Struble and loses puck.
3:27 of 3rd period - Icing by Ryder Rolston.
3:28 of 3rd period - Ryder Rolston wins face-off versus Jakub Lauko in MANCHESTER MONARCHS zone.
3:38 of 3rd period - Shot by Jakub Lauko.
3:38 of 3rd period - Shot Blocked by Ty Smith.
3:46 of 3rd period - Shot by Jakub Lauko.
3:46 of 3rd period - Deflect By Mark Kastelic.
3:46 of 3rd period - Stopped by Michael DiPietro without a rebound.
3:47 of 3rd period - Fedor Svechkov wins face-off versus Tyler Madden in MANCHESTER MONARCHS zone.
4:00 of 3rd period - Shot by Mark Kastelic.
4:00 of 3rd period - Shot Blocked by Scooter Brickey.
4:02 of 3rd period - Shot by Isaiah George.
4:02 of 3rd period - Stopped by Michael DiPietro without a rebound.
4:03 of 3rd period - Jared Davidson wins face-off versus Jakub Lauko in MANCHESTER MONARCHS zone.
4:18 of 3rd period - Shot by Jared Davidson.
4:18 of 3rd period - Shot Hit the Post.
4:20 of 3rd period - Shot by Noah Juulsen.
4:20 of 3rd period - Stopped by Akira Schmid without a rebound.
4:21 of 3rd period - Fedor Svechkov wins face-off versus Ryder Rolston in NEW HAVEN WARTHOGS zone.
4:38 of 3rd period - Shot by Mark Kastelic.
4:38 of 3rd period - Stopped by Michael DiPietro without a rebound.
4:39 of 3rd period - Jared Davidson wins face-off versus Ryan Suzuki in MANCHESTER MONARCHS zone.
4:50 of 3rd period - Shot by Kole Lind.
4:50 of 3rd period - Stopped by Akira Schmid without a rebound.
4:51 of 3rd period - Ryder Rolston wins face-off versus Jakub Lauko in NEW HAVEN WARTHOGS zone.
5:34 of 3rd period - Icing by Henry Thrun.
5:35 of 3rd period - Jakub Lauko wins face-off versus Jared Davidson in NEW HAVEN WARTHOGS zone.
5:57 of 3rd period - Off-side.
5:58 of 3rd period - Fedor Svechkov wins face-off versus Tyler Madden in neutral zone.
6:01 of 3rd period - Shot by Mark Kastelic.
6:01 of 3rd period - Shot Misses the Net.
6:03 of 3rd period - Shot by Mark Kastelic.
6:03 of 3rd period - Stopped by Michael DiPietro with a rebound.
6:05 of 3rd period - Shot by Isaiah George.
6:05 of 3rd period - Stopped by Michael DiPietro without a rebound.
6:06 of 3rd period - Jamieson Rees wins face-off versus Fedor Svechkov in MANCHESTER MONARCHS zone.
6:06 of 3rd period - Jamieson Rees is hit by Mark Kastelic.
6:23 of 3rd period - Shot by Mikael Pyyhtia.
6:23 of 3rd period - Shot Blocked by Kole Lind.
6:25 of 3rd period - Shot by Fedor Svechkov.
6:25 of 3rd period - Stopped by Michael DiPietro with a rebound.
6:27 of 3rd period - Shot by Mikael Pyyhtia.
6:27 of 3rd period - Stopped by Michael DiPietro without a rebound.
6:28 of 3rd period - Ryder Rolston wins face-off versus Ryan Suzuki in MANCHESTER MONARCHS zone.
6:48 of 3rd period - Minor Penalty to Henry Thrun for Boarding.
6:49 of 3rd period - Kole Lind wins face-off versus Fedor Svechkov in NEW HAVEN WARTHOGS zone.
7:10 of 3rd period - Shot by Jared Davidson.
7:10 of 3rd period - Stopped by Akira Schmid without a rebound.
7:11 of 3rd period - Ryder Rolston wins face-off versus Fedor Svechkov in NEW HAVEN WARTHOGS zone.
7:28 of 3rd period - Shot by Jayden Struble.
7:28 of 3rd period - Shot Misses the Net.
7:30 of 3rd period - Shot by Jayden Struble.
7:30 of 3rd period - Shot Misses the Net.
7:32 of 3rd period - Shot by Noah Juulsen.
7:32 of 3rd period - Shot Misses the Net.
8:32 of 3rd period - Shot by Mackenzie MacEachern.
8:32 of 3rd period - Stopped by Akira Schmid without a rebound.
8:33 of 3rd period - Fedor Svechkov wins face-off versus Ryder Rolston in NEW HAVEN WARTHOGS zone.
8:33 of 3rd period - Fedor Svechkov is hit by Noah Juulsen.
8:44 of 3rd period - Shot by Jayden Struble.
8:44 of 3rd period - Stopped by Akira Schmid without a rebound.
8:45 of 3rd period - Fedor Svechkov wins face-off versus Jared Davidson in NEW HAVEN WARTHOGS zone.
9:02 of 3rd period - Shot by Tyler Boucher.
9:02 of 3rd period - Deflect By Ryan Suzuki.
9:02 of 3rd period - Shot Misses the Net.
9:18 of 3rd period - Angus Booth is hit by Scooter Brickey and loses puck.
10:18 of 3rd period - Fedor Svechkov is hit by Scooter Brickey and loses puck.
10:58 of 3rd period - Jakub Lauko is hit by Noah Juulsen and loses puck.
11:12 of 3rd period - Jakub Lauko is hit by Noah Juulsen and loses puck.
11:20 of 3rd period - Icing by Jayden Struble.
11:21 of 3rd period - Jared Davidson wins face-off versus Fedor Svechkov in MANCHESTER MONARCHS zone.
11:21 of 3rd period - Mackenzie MacEachern is hit by Mark Kastelic and loses puck.
11:25 of 3rd period - Minor Penalty to Jayden Struble for Interference.
11:26 of 3rd period - Jared Davidson wins face-off versus Fedor Svechkov in MANCHESTER MONARCHS zone.
11:26 of 3rd period - Jared Davidson is hit by Mark Kastelic.
11:33 of 3rd period - Icing by Jack St. Ivany.
11:34 of 3rd period - Jared Davidson wins face-off versus Fedor Svechkov in NEW HAVEN WARTHOGS zone.
11:37 of 3rd period - Shot by Jared Davidson.
11:37 of 3rd period - Shot Misses the Net.
12:21 of 3rd period - Shot by Zachary Jones.
12:21 of 3rd period - Stopped by Michael DiPietro without a rebound.
12:22 of 3rd period - Mackenzie MacEachern wins face-off versus Jakub Lauko in MANCHESTER MONARCHS zone.
12:55 of 3rd period - Henry Thrun is hit by Jared Davidson and loses puck.
13:48 of 3rd period - Shot by Chase Wheatcroft.
13:48 of 3rd period - Stopped by Akira Schmid with a rebound.
13:52 of 3rd period - Shot by Chase Stillman.
13:52 of 3rd period - Shot Misses the Net.
14:26 of 3rd period - Shot by Fedor Svechkov.
14:26 of 3rd period - Stopped by Michael DiPietro without a rebound.
14:27 of 3rd period - Jamieson Rees wins face-off versus Fedor Svechkov in MANCHESTER MONARCHS zone.
14:41 of 3rd period - Shot by Mark Kastelic.
14:41 of 3rd period - Shot Misses the Net.
14:43 of 3rd period - Shot by Lian Bichsel.
14:43 of 3rd period - Shot Blocked by Noah Juulsen.
14:45 of 3rd period - Shot by Mikael Pyyhtia.
14:45 of 3rd period - Shot Misses the Net.
14:47 of 3rd period - Shot by Mikael Pyyhtia.
14:47 of 3rd period - Stopped by Michael DiPietro without a rebound.
14:48 of 3rd period - Tyler Madden wins face-off versus Tristan Broz in MANCHESTER MONARCHS zone.
14:48 of 3rd period - Chase Wheatcroft is hit by Tristan Broz and loses puck.
15:48 of 3rd period - Shot by Fedor Svechkov.
15:48 of 3rd period - Deflect By Mikael Pyyhtia.
15:48 of 3rd period - Shot Misses the Net.
16:08 of 3rd period - Shot by Justin Ertel.
16:08 of 3rd period - Stopped by Michael DiPietro without a rebound.
16:09 of 3rd period - Jared Davidson wins face-off versus Ryan Suzuki in MANCHESTER MONARCHS zone.
16:15 of 3rd period - Shot by Ryan Suzuki.
16:15 of 3rd period - Deflect By Julian Lutz.
16:15 of 3rd period - Shot Misses the Net.
16:29 of 3rd period - Shot by Ryan Suzuki.
16:29 of 3rd period - Shot Misses the Net.
17:10 of 3rd period - Icing by Jayden Struble.
17:11 of 3rd period - Fedor Svechkov wins face-off versus Ryder Rolston in MANCHESTER MONARCHS zone.
17:14 of 3rd period - Shot by Fedor Svechkov.
17:14 of 3rd period - Shot Misses the Net.
17:17 of 3rd period - Icing by Jayden Struble.
17:18 of 3rd period - Ryder Rolston wins face-off versus Fedor Svechkov in MANCHESTER MONARCHS zone.
17:57 of 3rd period - Shot by Ryder Rolston.
17:57 of 3rd period - Stopped by Akira Schmid without a rebound.
17:58 of 3rd period - Jakub Lauko wins face-off versus Jared Davidson in NEW HAVEN WARTHOGS zone.
17:58 of 3rd period - Jakub Lauko is hit by Kole Lind.
18:03 of 3rd period - Icing by Jakub Lauko.
18:04 of 3rd period - Jakub Lauko wins face-off versus Jared Davidson in NEW HAVEN WARTHOGS zone.
18:08 of 3rd period - Zachary Jones is hit by Christoffer Sedoff.
18:18 of 3rd period - Shot by Jakub Lauko.
18:18 of 3rd period - Stopped by Michael DiPietro with a rebound.
19:14 of 3rd period - Shot by Fedor Svechkov.
19:14 of 3rd period - Deflect By Mark Kastelic.
19:14 of 3rd period - Shot Blocked by Christoffer Sedoff.
19:23 of 3rd period - Mark Kastelic is hit by Christoffer Sedoff and loses puck.
19:42 of 3rd period - MANCHESTER MONARCHS, Michael DiPietro is pulled from the net.
19:45 of 3rd period - Minor Penalty to Zachary Jones for Hooking.
19:46 of 3rd period - Mikael Pyyhtia wins face-off versus Ryder Rolston in NEW HAVEN WARTHOGS zone.
19:55 of 3rd period - Shot by Noah Juulsen.
19:55 of 3rd period - Stopped by Akira Schmid without a rebound.
19:56 of 3rd period - Ryder Rolston wins face-off versus Mikael Pyyhtia in NEW HAVEN WARTHOGS zone.
Goals for this period are 0 for NEW HAVEN WARTHOGS vs 0 for MANCHESTER MONARCHS.
Shots for this period are 13 for NEW HAVEN WARTHOGS vs 8 for MANCHESTER MONARCHS.